| TOP OF THE 1ST |
|
Syracuse Chiefs batting - Pitching for Rochester Red Wings : RHP Manny Hernandez
|
|
Pitching: RHP Manny Hernandez
|
|
|
Batting: LHB Darryl Strawberry
|
0-0: Ground out 1-3 (Groundball, 13S, EV 67.5 MPH)
|
|
Batting: LHB Jon Jimenez
|
0-0: Called Strike 0-1: SINGLE (Flyball, 78S, EV 85.0 MPH)
|
|
Batting: RHB Jason Adams
|
0-0: Called Strike 0-1: Ball 1-1: Ball 2-1: Ground out 6-3 (Groundball, 56D, EV 75.6 MPH) Jon Jimenez to second
|
|
Batting: LHB Wayne Gross
|
0-0: Called Strike 0-1: Ball 1-1: Ball 2-1: Ground out 6-3 (Groundball, 6, EV 84.4 MPH)
|
| Top of the 1st over - 0 runs, 1 hit, 0 errors, 1 left on base; Syracuse 0 - Rochester 0 |
| BOTTOM OF THE 1ST |
|
Rochester Red Wings batting - Pitching for Syracuse Chiefs : RHP Ramon Mendoza
|
|
Pitching: RHP Ramon Mendoza
|
|
|
Batting: RHB Johnnie LeMaster
|
0-0: Fly out, F9 (Flyball, 9, EV 76.3 MPH)
|
|
Batting: LHB Ed Amelung
|
0-0: Ball 1-0: Foul Ball, location: 2F 1-1: Ball 2-1: Foul Ball, location: 2F 2-2: Ball 3-2: Strikes out swinging
|
|
Batting: SHB Jordan Ayala
|
0-0: Ball 1-0: Ball 2-0: Swinging Strike 2-1: Fly out, F6 (Line Drive, 6, EV 66.9 MPH)
|
| Bottom of the 1st over - 0 runs, 0 hits, 0 errors, 0 left on base; Syracuse 0 - Rochester 0 |
| TOP OF THE 2ND |
|
Syracuse Chiefs batting - Pitching for Rochester Red Wings : RHP Manny Hernandez
|
|
Batting: RHB Jim G Wilson
|
0-0: Called Strike 0-1: SOLO HOME RUN (Flyball, 78XD, EV 102.5 MPH), Distance : 402 ft
|
|
Batting: RHB Bobby Grich
|
0-0: Ball 1-0: Called Strike 1-1: Foul Ball, location: 2F 1-2: Fly out, F7 (Flyball, 7D, EV 96.3 MPH)
|
|
Batting: RHB Dave Meier
|
0-0: Called Strike 0-1: Ground out 4-3 (Groundball, 4S, EV 88.8 MPH)
|
|
Batting: LHB Danny Goodwin
|
0-0: Ball 1-0: Ground out 4-3 (Groundball, 4, EV 83.1 MPH)
|
| Top of the 2nd over - 1 run, 1 hit, 0 errors, 0 left on base; Syracuse 1 - Rochester 0 |
| BOTTOM OF THE 2ND |
|
Rochester Red Wings batting - Pitching for Syracuse Chiefs : RHP Ramon Mendoza
|
|
Batting: RHB Gerry Davis
|
0-0: Called Strike 0-1: Foul Ball, location: 2F 0-2: SOLO HOME RUN (Flyball, 78XD, EV 92.5 MPH), Distance : 445 ft
|
|
Batting: RHB Joe Carter
|
0-0: Called Strike 0-1: Called Strike 0-2: Foul Ball, location: 2F 0-2: Ball 1-2: Ball 2-2: Ball 3-2: Strikes out swinging
|
|
Batting: LHB Dave Falcone
|
0-0: Called Strike 0-1: Ball 1-1: Foul Ball, location: 2F 1-2: Foul Ball, location: 2F 1-2: Foul Ball, location: 2F 1-2: Ball 2-2: Ground out 6-3 (Groundball, 6M, EV 102.5 MPH)
|
|
Batting: RHB Tom Brookens
|
0-0: Ball 1-0: Foul Ball, location: 2F 1-1: Foul Ball, location: 2F 1-2: Strikes out looking
|
| Bottom of the 2nd over - 1 run, 1 hit, 0 errors, 0 left on base; Syracuse 1 - Rochester 1 |
| TOP OF THE 3RD |
|
Syracuse Chiefs batting - Pitching for Rochester Red Wings : RHP Manny Hernandez
|
|
Batting: RHB Dusty Baker
|
0-0: Ball 1-0: Ground out 6-3 (Groundball, 6, EV 86.9 MPH)
|
|
Batting: LHB Darryl Strawberry
|
0-0: Foul Ball, location: 2F 0-1: Ball 1-1: Ball 2-1: Foul Ball, location: 2F 2-2: Ball 3-2: Foul Ball, location: 2F 3-2: Fly out, F4 (Flyball, 4D, EV 82.5 MPH)
|
|
Batting: LHB Jon Jimenez
|
0-0: Called Strike 0-1: Foul Ball, location: 2F 0-2: Ball 1-2: Ground out 4-3 (Groundball, 4, EV 105.0 MPH)
|
| Top of the 3rd over - 0 runs, 0 hits, 0 errors, 0 left on base; Syracuse 1 - Rochester 1 |
| BOTTOM OF THE 3RD |
|
Rochester Red Wings batting - Pitching for Syracuse Chiefs : RHP Ramon Mendoza
|
|
Batting: RHB Jerry Dybzinski
|
0-0: Foul Ball, location: 2F 0-1: Ball 1-1: Ball 2-1: Foul Ball, location: 2F 2-2: Foul Ball, location: 2F 2-2: Foul Ball, location: 2F 2-2: Ground out 1-3 (Groundball, 15, EV 70.6 MPH)
|
|
Batting: RHB Edwin Agudelo
|
0-0: Foul Ball, location: 2F 0-1: Ball 1-1: Ball 2-1: Called Strike 2-2: Strikes out looking
|
|
Batting: RHB Johnnie LeMaster
|
0-0: Ground out 4-3 (Groundball, 4, EV 82.5 MPH)
|
| Bottom of the 3rd over - 0 runs, 0 hits, 0 errors, 0 left on base; Syracuse 1 - Rochester 1 |
| TOP OF THE 4TH |
|
Syracuse Chiefs batting - Pitching for Rochester Red Wings : RHP Manny Hernandez
|
|
Batting: RHB Jason Adams
|
0-0: Ball 1-0: Ball 2-0: Ball 3-0: Base on Balls
|
|
Batting: LHB Wayne Gross
|
0-0: Ground out 3-1 (Groundball, 23, EV 83.8 MPH) Jason Adams to second
|
|
Batting: RHB Jim G Wilson
|
0-0: Ball 1-0: Foul Ball, location: 2F 1-1: Ball 2-1: Ball 3-1: Base on Balls
|
|
Batting: RHB Bobby Grich
|
0-0: Ball 1-0: Ball 2-0: Ball 3-0: Called Strike 3-1: SINGLE (Flyball, 78S, EV 95.0 MPH) Jason Adams to third Jim G Wilson to second Runner from 3rd tries for Home, SAFE, throw by LF to home
|
|
Batting: RHB Dave Meier
|
0-0: Ball 1-0: 3-RUN HOME RUN (Flyball, 7D, EV 109.4 MPH), Distance : 355 ft
|
|
Batting: LHB Danny Goodwin
|
0-0: SINGLE (Groundball, 34, EV 95.0 MPH)
|
|
Batting: RHB Dusty Baker
|
0-0: Ball 1-0: Called Strike 1-1: DOUBLE (Line Drive, 8RXD, EV 102.5 MPH) Danny Goodwin to third Runner from 3rd tries for Home, SAFE, throw by CF to home
|
|
Pitching: RHP Duane Theiss
|
|
|
Batting: LHB Darryl Strawberry
|
0-0: Ball 1-0: Foul Ball, location: 2F 1-1: Called Strike 1-2: Ball 2-2: Ball 3-2: Foul Ball, location: 2F 3-2: Base on Balls
|
|
Batting: LHB Jon Jimenez
|
0-0: Called Strike 0-1: Grounds out, U3 (Groundball, 3L, EV 91.3 MPH) Dusty Baker to third
|
|
Batting: RHB Jason Adams
|
0-0: Ball 1-0: Ball 2-0: Ball 3-0: Base on Balls
|
|
Batting: LHB Wayne Gross
|
0-0: Ground out U3 (Groundball, 3, EV 88.1 MPH)
|
| Top of the 4th over - 5 runs, 4 hits, 0 errors, 3 left on base; Syracuse 6 - Rochester 1 |
| BOTTOM OF THE 4TH |
|
Rochester Red Wings batting - Pitching for Syracuse Chiefs : RHP Ramon Mendoza
|
|
Batting: LHB Ed Amelung
|
0-0: Swinging Strike 0-1: Foul Ball, location: 2F 0-2: Ball 1-2: Ball 2-2: Ground out 4-3 (Groundball, 4M, EV 86.9 MPH)
|
|
Batting: SHB Jordan Ayala
|
0-0: Called Strike 0-1: Called Strike 0-2: Ball 1-2: Fly out, F7 (Flyball, 7S, EV 86.9 MPH)
|
|
Batting: RHB Gerry Davis
|
0-0: Called Strike 0-1: Ball 1-1: Ball 2-1: Foul Ball, location: 2F 2-2: Ball 3-2: Strikes out swinging
|
| Bottom of the 4th over - 0 runs, 0 hits, 0 errors, 0 left on base; Syracuse 6 - Rochester 1 |
| TOP OF THE 5TH |
|
Syracuse Chiefs batting - Pitching for Rochester Red Wings : RHP Duane Theiss
|
|
Batting: RHB Jim G Wilson
|
0-0: Called Strike 0-1: SOLO HOME RUN (Flyball, 78XD, EV 108.8 MPH), Distance : 419 ft
|
|
Batting: RHB Bobby Grich
|
0-0: Ball 1-0: Ball 2-0: Called Strike 2-1: Called Strike 2-2: Foul Ball, location: 2F 2-2: Fly out, F8 (Flyball, 8RD, EV 101.9 MPH)
|
|
Batting: RHB Dave Meier
|
0-0: Called Strike 0-1: Ball 1-1: Ball 2-1: Ball 3-1: Base on Balls
|
|
Pitching: LHP Mac Scarce
|
|
|
Batting: LHB Danny Goodwin
|
0-0: Ball 1-0: Called Strike 1-1: Ball 2-1: Foul Ball, location: 2F 2-2: Foul Ball, location: 2F 2-2: Foul Ball, location: 2F 2-2: DOUBLE (Line Drive, 78D, EV 109.4 MPH) Dave Meier to third
|
|
Batting: RHB Dusty Baker
|
0-0: Foul Ball, location: 2F 0-1: Fly out, F7 (Flyball, 7D, EV 89.4 MPH) Runner from 3rd tags up, SCORES, throw by LF Danny Goodwin to third
|
|
Batting: LHB Darryl Strawberry
|
0-0: Ball 1-0: Called Strike 1-1: Foul Ball, location: 2F 1-2: Foul Ball, location: 2F 1-2: Ball 2-2: Strikes out swinging
|
| Top of the 5th over - 2 runs, 2 hits, 0 errors, 1 left on base; Syracuse 8 - Rochester 1 |
| BOTTOM OF THE 5TH |
|
Rochester Red Wings batting - Pitching for Syracuse Chiefs : RHP Ramon Mendoza
|
|
Batting: RHB Joe Carter
|
0-0: Reached on error, E7 (Flyball, 7LM, EV 85.6 MPH)
|
|
Batting: LHB Dave Falcone
|
0-0: Called Strike 0-1: Called Strike 0-2: Ball 1-2: Ball 2-2: Fielders Choice at 2nd, 4-6 (Groundball, 4D, EV 90.6 MPH)
|
|
Batting: RHB Tom Brookens
|
0-0: Called Strike 0-1: Ball 1-1: Reached on error, E3 (Groundball, 34, EV 88.8 MPH) Dave Falcone to second
|
|
Batting: RHB Jerry Dybzinski
|
0-0: Ball Wild Pitch! Dave Falcone to third Tom Brookens to second 1-0: Called Strike 1-1: Ball 2-1: Ball 3-1: Base on Balls
|
|
Batting: RHB Edwin Agudelo
|
0-0: Ball 1-0: SINGLE (Groundball, 56D, EV 97.5 MPH) Dave Falcone scores Tom Brookens to third Jerry Dybzinski to second Runner from 3rd tries for Home, SAFE, throw by LF to home
|
|
Batting: RHB Johnnie LeMaster
|
0-0: Ball 1-0: Foul Ball, location: 2F 1-1: Ball 2-1: Foul Ball, location: 2F 2-2: Ball 3-2: Foul Ball, location: 2F 3-2: Base on Balls Jerry Dybzinski to third Edwin Agudelo to second
|
|
Batting: LHB Ed Amelung
|
0-0: Ball 1-0: SINGLE (Line Drive, 6MD, EV 104.4 MPH) Jerry Dybzinski scores Edwin Agudelo to third Johnnie LeMaster to second Runner from 3rd tries for Home, SAFE, throw by CF to home
|
|
Batting: SHB Jordan Ayala
|
0-0: Called Strike 0-1: Fielders Choice at 2nd, 5-4 (Groundball, 56S, EV 87.5 MPH) Johnnie LeMaster to third
|
|
Batting: RHB Gerry Davis
|
0-0: Ball 1-0: Called Strike 1-1: Ball 2-1: Foul Ball, location: 2F 2-2: Ball 3-2: Strikes out swinging
|
| Bottom of the 5th over - 4 runs, 2 hits, 2 errors, 2 left on base; Syracuse 8 - Rochester 5 |
| TOP OF THE 6TH |
|
Syracuse Chiefs batting - Pitching for Rochester Red Wings : LHP Mac Scarce
|
|
Batting: LHB Jon Jimenez
|
0-0: Ball 1-0: Ball 2-0: Ground out 4-3 (Groundball, 4M, EV 82.5 MPH)
|
|
Batting: RHB Jason Adams
|
0-0: Swinging Strike 0-1: SINGLE (Groundball, 4MD, EV 105.6 MPH)
|
|
Batting: LHB Wayne Gross
|
0-0: Ball 1-0: Called Strike 1-1: Foul Ball, location: 2F 1-2: Ball 2-2: Grounds into double play, 4-6-3 (Groundball, 4D, EV 101.9 MPH)
|
| Top of the 6th over - 0 runs, 1 hit, 0 errors, 0 left on base; Syracuse 8 - Rochester 5 |
| BOTTOM OF THE 6TH |
|
Rochester Red Wings batting - Pitching for Syracuse Chiefs : RHP Ramon Mendoza
|
|
Batting: RHB Joe Carter
|
0-0: Called Strike 0-1: Foul Ball, location: 2F 0-2: Strikes out swinging
|
|
Batting: LHB Dave Falcone
|
0-0: Ball 1-0: Ball 2-0: Foul Ball, location: 2F 2-1: Swinging Strike 2-2: Ball 3-2: Fly out, F8 (Flyball, 8LD, EV 90.6 MPH)
|
|
Batting: RHB Tom Brookens
|
0-0: Ball 1-0: Swinging Strike 1-1: Foul Ball, location: 2F 1-2: Strikes out swinging
|
| Bottom of the 6th over - 0 runs, 0 hits, 0 errors, 0 left on base; Syracuse 8 - Rochester 5 |
| TOP OF THE 7TH |
|
Syracuse Chiefs batting - Pitching for Rochester Red Wings : LHP Mac Scarce
|
|
Batting: RHB Jim G Wilson
|
0-0: Swinging Strike 0-1: Foul Ball, location: 2F 0-2: Ball 1-2: Ball 2-2: Strikes out swinging
|
|
Batting: RHB Bobby Grich
|
0-0: Ball 1-0: Ball 2-0: Called Strike 2-1: SINGLE (Flyball, 78S, EV 86.9 MPH)
|
|
Batting: RHB Dave Meier
|
0-0: Foul Ball, location: 2F 0-1: Foul Ball, location: 2F 0-2: Grounds into double play, 1-6-3 (Groundball, 13S, EV 73.1 MPH)
|
| Top of the 7th over - 0 runs, 1 hit, 0 errors, 0 left on base; Syracuse 8 - Rochester 5 |
| BOTTOM OF THE 7TH |
|
Rochester Red Wings batting - Pitching for Syracuse Chiefs : RHP Ramon Mendoza
|
|
Batting: RHB Jerry Dybzinski
|
0-0: Called Strike 0-1: Ground out 4-3 (Groundball, 4S, EV 88.1 MPH)
|
|
Batting: RHB Edwin Agudelo
|
0-0: Reached on error, E3 (Groundball, 34, EV 78.8 MPH)
|
|
Batting: RHB Johnnie LeMaster
|
0-0: Ball Edwin Agudelo steals 2nd base 1-0: Called Strike 1-1: Ball 2-1: Ball 3-1: Base on Balls
|
|
Batting: LHB Ed Amelung
|
0-0: Called Strike Edwin Agudelo steals 3rd base Johnnie LeMaster to second 0-1: Foul Ball, location: 2F 0-2: Strikes out swinging
|
|
Batting: SHB Jordan Ayala
|
0-0: Called Strike 0-1: SINGLE (Groundball, 13S, EV 75.0 MPH) (infield hit) Edwin Agudelo scores Johnnie LeMaster to third
|
|
Pitching: LHP Ray Newman
|
|
|
Batting: RHB Gerry Davis
|
0-0: Foul Ball, location: 2F 0-1: Ball 1-1: Foul Ball, location: 2F 1-2: Strikes out swinging
|
| Bottom of the 7th over - 1 run, 1 hit, 1 error, 2 left on base; Syracuse 8 - Rochester 6 |
| TOP OF THE 8TH |
|
Syracuse Chiefs batting - Pitching for Rochester Red Wings : LHP Mac Scarce
|
|
Pitching: RHP Willie Mueller
|
|
|
Batting: LHB Danny Goodwin
|
0-0: Foul Ball, location: 2F 0-1: Ball 1-1: Fly out, F8 (Flyball, 89XD, EV 95.6 MPH)
|
|
Batting: RHB Dusty Baker
|
0-0: Called Strike 0-1: Ball 1-1: Foul Ball, location: 2F 1-2: Ground out 4-3 (Groundball, 4, EV 100.6 MPH)
|
|
Batting: LHB Darryl Strawberry
|
0-0: Ball 1-0: Called Strike 1-1: Called Strike 1-2: Ball 2-2: Ground out 4-3 (Groundball, 4, EV 103.1 MPH)
|
| Top of the 8th over - 0 runs, 0 hits, 0 errors, 0 left on base; Syracuse 8 - Rochester 6 |
| BOTTOM OF THE 8TH |
|
Rochester Red Wings batting - Pitching for Syracuse Chiefs : LHP Ray Newman
|
|
Batting: RHB Joe Carter
|
0-0: Ground out 6-3 (Groundball, 6S, EV 70.0 MPH)
|
|
Batting: LHB Dave Falcone
|
0-0: Hit by Pitch
|
|
Batting: RHB Tom Brookens
|
0-0: Foul Ball, location: 2F 0-1: Fly out, F8 (Flyball, 78D, EV 98.8 MPH)
|
|
Batting: RHB Jerry Dybzinski
|
0-0: Ball 1-0: Ball 2-0: Called Strike 2-1: Ground out 4-3 (Groundball, 4S, EV 88.8 MPH)
|
| Bottom of the 8th over - 0 runs, 0 hits, 0 errors, 1 left on base; Syracuse 8 - Rochester 6 |
| TOP OF THE 9TH |
|
Syracuse Chiefs batting - Pitching for Rochester Red Wings : RHP Willie Mueller
|
|
Batting: LHB Jon Jimenez
|
0-0: Swinging Strike 0-1: Ball 1-1: Ball 2-1: Ground out 4-3 (Groundball, 4, EV 88.1 MPH)
|
|
Batting: RHB Jason Adams
|
0-0: Foul Ball, location: 2F 0-1: Ground out 5-3 (Groundball, 56, EV 91.3 MPH)
|
|
Batting: LHB Wayne Gross
|
0-0: Called Strike 0-1: Ball 1-1: Called Strike 1-2: Foul Ball, location: 2F 1-2: Foul Ball, location: 2F 1-2: Ball 2-2: Foul Ball, location: 2F 2-2: Ground out 4-3 (Groundball, 4, EV 106.9 MPH)
|
| Top of the 9th over - 0 runs, 0 hits, 0 errors, 0 left on base; Syracuse 8 - Rochester 6 |
| BOTTOM OF THE 9TH |
|
Rochester Red Wings batting - Pitching for Syracuse Chiefs : LHP Ray Newman
|
|
Pitching: RHP Mel Stottlemyre Sr
|
|
|
Now at 1B: Phil Garner
|
|
|
Batting: RHB Edwin Agudelo
|
0-0: Called Strike 0-1: Called Strike 0-2: Foul Ball, location: 2F 0-2: Ball 1-2: SINGLE (Groundball, 4D, EV 100.0 MPH)
|
|
Pinch Hitting: LHB Sid Bream
|
0-0: Ball 1-0: Foul Ball, location: 2F 1-1: Ball 2-1: SINGLE (Groundball, 34D, EV 98.1 MPH) Edwin Agudelo to second
|
|
Batting: LHB Ed Amelung
|
0-0: Foul Ball, location: 2F 0-1: Ball 1-1: Foul Ball, location: 2F 1-2: Strikes out swinging
|
|
Batting: SHB Jordan Ayala
|
0-0: Foul Ball, location: 2F 0-1: Fielders Choice at 2nd, 4-6 (Groundball, 4, EV 100.6 MPH) Edwin Agudelo to third
|
|
Batting: RHB Gerry Davis
|
0-0: Ball 1-0: Called Strike Jordan Ayala steals 2nd base 1-1: Ball 2-1: Ball 3-1: Ground out 6-3 (Groundball, 56, EV 101.3 MPH)
|
| Bottom of the 9th over - 0 runs, 2 hits, 0 errors, 2 left on base; Syracuse 8 - Rochester 6 |
|